 Dungeon Crawl Stone Soup version 0.25.0-9-g26727b657a (webtiles) character file.

Game seed: 3688259635569853236

1150 Ijustatesigmund the Cudgeler (level 8, -4/52 HPs)
             Began as a Gargoyle Fighter on June 19, 2020.
             Blown up by a gnoll (8 damage)
             ... with a disintegration bolt
             ... on level 3 of the Dungeon.
             The game lasted 00:08:12 (5120 turns).

Ijustatesigmund the Cudgeler (Gargoyle Fighter)     Turns: 5120, Time: 00:08:13

Health: -4/52      AC: 19    Str: 26    XL:     8   Next: 38%
Magic:  8/8        EV:  8    Int:  9    God:
Gold:   275        SH: 11    Dex: 11    Spells: 7/7 levels left

rFire    . . .     SeeInvis .   a - +3 flail (protect)
rCold    . . .     Gourm    .   c - +1 kite shield
rNeg     + . .     Faith    .   b - +0 scale mail
rPois    ∞         Spirit   .   (no helmet)
rElec    +         Reflect  .   (no cloak)
rCorr    .         Harm     .   k - +1 pair of gloves
MR       .....                  (no boots)
Stlth    ..........             (no amulet)
HPRegen  0.17/turn              i - +4 ring of protection
MPRegen  0.11/turn              r - +6 ring of strength

@: mighty
A: negative energy resistance 1, electricity resistance, unbreathing,
petrification resistance, rot immunity, AC +5
a: no special abilities


You were on level 3 of the Dungeon.
You were not hungry.

You visited 2 branches of the dungeon, and saw 6 of its levels.

You collected 275 gold pieces.

Inventory:

Hand Weapons
 a - a +3 flail of protection (weapon)
Missiles
 t - 30 poisoned darts (quivered)
Armour
 b - a +0 scale mail (worn)
 c - a +1 kite shield (worn)
 k - a +1 pair of gloves (worn)
Jewellery
 g - an uncursed ring of fire {unknown}
 i - a +4 ring of protection (left hand)
 r - a +6 ring of strength (right hand)
Wands
 q - a wand of polymorph (8)
 z - a wand of paralysis (6)
Scrolls
 h - 8 scrolls of remove curse
 p - a scroll of fear
 s - 2 scrolls of fog
 u - a scroll of blinking
 w - a scroll of enchant armour
 A - a scroll of teleportation
 B - a scroll of identify
Potions
 d - a potion of might
 e - a potion of ambrosia
 j - 2 potions of lignification
 l - 2 potions of curing
 n - a potion of brilliance
 o - 3 potions of magic
 v - a potion of degeneration {unknown}
Comestibles
 f - 10 rations


   Skills:
 + Level 6.5 Fighting
 + Level 6.7 Maces & Flails
 + Level 5.1 Armour
 + Level 5.0 Shields


You had 7 spell levels left.
You didn't know any spells.
Your spell library was empty.

Dungeon Overview and Level Annotations

Branches:
Dungeon (5/15)             Temple (1/1) D:4

Altars:
Ashenzari
Dithmenos
Elyvilon
Fedhas
Gozag
Hepliaklqana
Kikubaaqudgha
Makhleb
Nemelex Xobeh
Qazlal
Ru
Sif Muna
Trog
Vehumet
Wu Jian
Xom
Yredelemnul
The Shining One

Annotations:
D:3 1 transporter


Innate Abilities, Weirdness & Mutations

You are resistant to torment.
Your stone body is resilient. (AC +5)
You are immune to poison.
You resist negative energy. (rN+)
You are resistant to electric shocks. (rElec)
You can survive without breathing.
You are immune to petrification.
You are immune to rotting.


Message History

You hit kitty14015's ghost but do no damage.
Kitty14015's ghost is severely damaged.
Kitty14015's ghost hits you!
Your shield and scale mail prevent you from hitting kitty14015's ghost.
Kitty14015's ghost is severely damaged.
Kitty14015's ghost hits you but does no damage.
You feel very mighty all of a sudden.
Kitty14015's ghost hits you but does no damage.
You sock kitty14015's ghost!
You destroy kitty14015's ghost!
Your Armour skill increases to level 5!
Your Shields skill increases to level 5!
t - 30 poisoned darts (gained 1)
You see here a +0 halberd.
You start resting.
The gnoll is too close now for your liking.
The gnoll zaps a wand.
You are blasted!
* * * LOW HITPOINT WARNING * * *
The gnoll zaps a wand.
You are blasted!
You die...

#.≈≈#g8.#.###.©.###.#.8.#≈≈..
#.≈≈#...###.#####.###...#≈≈..
#.≈≈###...............###≈≈..
#.≈≈.8#.######'###'##.#8.≈≈..
#.≈≈.##.#$."#8..#..P#.##.≈≈..
#.≈≈.#W.'$.:#⌠©.))).'..#.≈≈..
#.≈≈.##.#$..#8..#..P#.##.≈≈..
#.≈≈.8#.######)###'##.#8.≈≈.#
###.≈≈###....)@.........###≈≈.#
#...≈≈#..g###©#####.###...#≈≈.#
#.#.≈≈#.8g#.###.©.###.#.8.#≈≈.#
#...≈≈#####...........#####≈≈.#
#...≈≈≈≈≈≈≈≈≈≈≈...≈≈≈≈≈≈≈≈≈≈≈.#
#...≈≈≈≈≈≈≈≈≈≈≈...≈≈≈≈≈≈≈≈≈≈≈.#
#..............................
#..###.#..###.#.#.#..######.###
#..##.###.....#...#..######.#


You could see a gnoll.

Vanquished Creatures
  The ghost of kitty14015 the Bolt Thrower, an amateur DsWn of Hepliaklqana (D:3)
  2 ogres
  2 centaurs (D:5)
  A gnoll sergeant (D:3)
  A hound (D:5)
  A jelly (D:5)
  2 orc priests
  5 orc wizards
  Ijyb (D:3)
  2 worker ants
  A hound zombie (D:5)
  A hound skeleton (D:4)
  5 adders
  12 gnolls
  2 worms (D:2)
  3 dart slugs
  8 leopard geckos
  16 orcs
  9 bats
  6 goblins
  8 hobgoblins
  6 jackals
  3 quokkas
  6 frilled lizards
  2 gnoll zombies (D:5)
  8 kobolds
  A leopard gecko skeleton (D:4)
  8 rats
123 creatures vanquished.

Vanquished Creatures (others)
  4 plants (D:3)
4 creatures vanquished.

Grand Total: 127 creatures vanquished

Notes
Turn   | Place    | Note
-------+----------+-------------------------------------------
     0 | D:1      | Ijustatesigmund the Gargoyle Fighter began the quest for
                  | the Orb.
     0 | D:1      | Reached XP level 1. HP: 14/14 MP: 1/1
    71 | D:1      | Reached XP level 2. HP: 8/19 MP: 2/2
   596 | D:1      | Reached XP level 3. HP: 22/24 MP: 3/3
   987 | D:2      | Reached XP level 4. HP: 19/29 MP: 4/4
  1631 | D:3      | Reached XP level 5. HP: 34/34 MP: 5/5
  2162 | D:3      | Reached skill level 5 in Maces & Flails
  2219 | D:3      | Found a transporter.
  2220 | D:3      | Found a transporter.
  2257 | D:3      | Noticed kitty14015's ghost (amateur DsWn)
  2285 | D:3      | Identified the +8 spear of Gozag's Condemnation {elec,
                  | rF+++}
  2333 | D:3      | Reached XP level 6. HP: 40/40 MP: 6/6
  2462 | D:3      | Noticed Ijyb
  2472 | D:3      | Killed Ijyb
  2642 | D:4      | Found a staircase to the Ecumenical Temple.
  2651 | D:4      | Reached skill level 5 in Fighting
  2656 | Temple   | Entered the Ecumenical Temple
  3066 | D:4      | Reached XP level 7. HP: 44/44 MP: 7/7
  3494 | D:5      | Entered Level 5 of the Dungeon
  4150 | D:5      | Reached XP level 8. HP: 19/51 MP: 8/8
  4747 | D:5      | Found a basalt altar of Yredelemnul.
  4815 | D:5      | Found a glowing golden altar of the Shining One.
  5100 | D:3      | Killed kitty14015's ghost
  5100 | D:3      | Reached skill level 5 in Armour
  5100 | D:3      | Reached skill level 5 in Shields
  5120 | D:3      | Blown up by a gnoll

Illustrated notes

Levels and vault maps discovered:
D:1:      ebering_hopf_link, layout_rooms
D:2:      minmay_alternating_diamond, layout_rooms, first_ration
D:3:      layout_loops_ring, gammafunk_ghost_gnarly_gnolls,
          portal_sewer_entry_d, feat_on_display, uniq_ijyb
D:4:      layout_loops_ring, minmay_temple_entry_drinking_statues
D:5:      layout_basic, tso_altar, lemuel_zombie_altar_yredelemnul,
          grunt_ministairs_13
Temple:   compressed_dpeg_circular_temple

Skill      XL: |  1  2  3  4  5  6  7  8 |
---------------+-------------------------+-----
Maces & Flails | 3 4 5 6 |  6.7
Fighting       | 4 5 6 |  6.5
Armour         | 4 5 |  5.1
Shields        | 4 5 |  5.0

Action                   |  1- 3 |  4- 6 |  7- 9 || total
-------------------------+-------+-------+-------++-------
Melee: Flail             |   155 |   219 |   180 ||   554
       Unarmed           |       |     5 |       ||     5
Throw: Dart              |       |       |     2 ||     2
  Use: Scroll            |     4 |     7 |     5 ||    16
       Potion            |       |       |     3 ||     3
  Eat: Chunk             |     1 |     7 |     4 ||    12
       Ration            |       |       |     1 ||     1
Armor: Scale mail        |   155 |   165 |   113 ||   433
Dodge: Dodged            |    88 |    95 |    56 ||   239
Block: Kite shield       |   129 |   137 |   113 ||   379
